 Dungeon Crawl Stone Soup version 0.26.1-2-gb8aa6d0cf2 (webtiles) character file.

Game seed: 1435171089872306651

8118 KamiKatze the Nimble (level 11, -1/130 HPs)
             Began as a Merfolk Berserker on Mar 13, 2021.
             Was a High Priest of Trog.
             Slain by Snorg (4 damage)
             ... on level 10 of the Dungeon.
             The game lasted 00:51:46 (11756 turns).

KamiKatze the Nimble (Merfolk Berserker)           Turns: 11756, Time: 00:51:47

Health: -1/130     AC: 16    Str: 24    XL:     11   Next: 25%
Magic:  11/11      EV: 13    Int:  7    God:    Trog [*****.]
Gold:   417        SH:  0    Dex: 13    Spells: 10/10 levels left

rFire    + . .     SeeInvis +   b - +0 war axe
rCold    + . .     Faith    .   (no shield)
rNeg     . . .     Spirit   .   n - +1 chain mail {rC+}
rPois    .         Reflect  .   (no helmet)
rElec    +         Harm     .   L - +2 cloak
rCorr    .         Rampage  .   M - +0 pair of gloves
Will     .....                  K - +0 pair of boots "Cishreicu" {rElec Str+3} (curse)
Stlth    ..........             v - amulet of magic regeneration
HPRegen  0.31/turn              f - ring of protection from fire
MPRegen  0.37/turn              N - ring of see invisible

@: berserking, studying Slings, very quick
A: change form in water, swift swim, stealthy swim
a: Renounce Religion, Berserk, Trog's Hand, Brothers in Arms


You were on level 10 of the Dungeon.
You worshipped Trog.
Trog was extremely pleased with you.
You visited 2 branches of the dungeon, and saw 11 of its levels.
You also visited: Ossuary.

You collected 858 gold pieces.
You spent 441 gold pieces at shops.

Inventory:

Hand Weapons
 a - a +1 hand axe
 b - a +0 war axe (weapon)
 k - a +2 flail of protection
 A - a cursed +3 hand axe of freezing
 D - a +0 morningstar
 F - a +4 flail of venom
 Q - a cursed +4 battleaxe
 V - a +0 dire flail
Missiles
 g - 266 stones
 i - 23 poisoned darts (quivered)
 s - 15 javelins
 E - 4 curare-tipped darts
 I - 5 silver boomerangs
 O - 5 boomerangs
Armour
 n - a +1 chain mail of cold resistance (worn)
 K - the cursed +0 pair of boots "Cishreicu" (worn) {rElec Str+3}
   (You bought it in a shop on level 8 of the Dungeon)

   It affects your strength (+3).
   It insulates you from electricity.
   It has a curse placed upon it.
 L - a +2 cloak (worn)
 M - a +0 pair of gloves (worn)
 W - a +0 plate armour
Jewellery
 f - a ring of protection from fire (left hand)
 v - an amulet of magic regeneration (around neck)
 x - an uncursed ring of protection from fire
 N - a ring of see invisible (right hand)
 R - an uncursed ring of positive energy
 U - a +4 ring of protection
Wands
 h - a wand of random effects (8)
 o - a wand of acid (7)
 z - a wand of disintegration (6)
 G - a wand of paralysis (22)
 P - a wand of iceblast (12)
Scrolls
 d - 5 scrolls of remove curse
 r - 2 scrolls of immolation {unknown}
 u - 7 scrolls of enchant weapon
 w - 2 scrolls of amnesia {unknown}
 y - 2 scrolls of fog {unknown}
 C - a scroll of enchant armour
Potions
 c - 3 potions of attraction
 e - 6 potions of ambrosia
 j - 6 potions of lignification
 l - 2 potions of haste
 m - 3 potions of magic
 p - a potion of mutation
 q - 3 potions of flight
 B - a potion of invisibility
 H - 6 potions of curing
 S - a potion of heal wounds
 T - a potion of resistance
Books
 J - a manual of Slings


   Skills:
 + Level 8.8 Fighting
 * Level 9.3 Axes
 - Level 2.0 Throwing
 + Level 5.8 Armour
 + Level 10.2 Dodging
 - Level 3.0 Evocations


You had 10 spell levels left.
You didn't know any spells.
Your spell library was empty.

Dungeon Overview and Level Annotations

Branches:
Dungeon (10/15)            Temple (1/1) D:6            Lair (0/6) D:10
    Orc (0/2) D:9         Ossuary (visited)

Altars:
Ashenzari
Cheibriados
Dithmenos
Elyvilon
Fedhas
Gozag
Hepliaklqana
Kikubaaqudgha
Makhleb
Nemelex Xobeh
Okawaru
Qazlal
Ru
Sif Muna
Trog
Uskayaw
Vehumet
Wu Jian
Xom
Yredelemnul
Zin
The Shining One

Shops:
D:5 ((!}   D:8 [

Annotations:
D:10 Snorg


Message History

* * * LOW HITPOINT WARNING * * *
Snorg claws you but does no damage.
You slice Snorg!!
Snorg is heavily wounded.
Snorg bites you!
* * * LOW HITPOINT WARNING * * *
Snorg barely misses you. Snorg claws you.
* * * LOW HITPOINT WARNING * * *
You closely miss Snorg.
Snorg is heavily wounded.
Snorg closely misses you. Snorg claws you!
* * * LOW HITPOINT WARNING * * *
Snorg claws you but does no damage.
You slash Snorg!
Snorg is severely wounded.
Snorg misses you. Snorg barely misses you. Snorg claws you but does no damage.
Snorg bites you but does no damage. Snorg claws you!
* * * LOW HITPOINT WARNING * * *
Snorg claws you.
You die...

#.# #!#
#.# #.#
#.# #.#
#.# #.#
#@# #T#
#........
###.#....
... .T
#.# .# #


You could see Snorg (berserk).

Vanquished Creatures
  A two-headed ogre (D:9)
  Urug (D:10)
  Sonja (D:10)
  Pikel (D:8)
  An oklob plant (D:10)
  Maurice (D:8)
  A troll (D:10)
  Grinder (D:6)
  Menkaure (Ossuary)
  Edmund (D:6)
  A water moccasin (D:9)
  Purgy (D:4)
  A black bear (D:6)
  An eye of draining (D:8)
  2 orc warriors (D:10)
  An ice beast (D:8)
  2 sky beasts
  4 ogres
  A centaur (D:6)
  A lemure (D:8)
  A big kobold (D:9)
  12 bullfrogs
  12 killer bees
  3 scorpions
  A howler monkey (D:2)
  6 wights
  2 bullfrog zombies
  6 hounds
  A centaur skeleton (D:9)
  A centaur zombie (D:6)
  7 orc priests
  10 orc wizards
  A bullfrog skeleton (D:10)
  2 iguanas (D:9)
  7 worker ants
  A hound zombie (D:9)
  3 mummies (Ossuary)
  A howler monkey zombie (D:9)
  4 gnolls (D:8)
  4 adders
  3 shadow imps
  6 white imps
  An ufetubus (D:6)
  An ooze (D:4)
  5 worms
  4 dart slugs
  6 leopard geckos
  54 orcs
  6 giant cockroaches
  4 gnoll zombies (Ossuary)
  8 goblins
  8 hobgoblins
  16 jackals
  14 kobolds
  4 quokkas
  3 ball pythons
  9 bats
  7 frilled lizards
  A giant cockroach zombie (D:5)
  5 gnoll skeletons (Ossuary)
  4 goblin skeletons (Ossuary)
  5 goblin zombies (Ossuary)
  2 hobgoblin skeletons (Ossuary)
  3 hobgoblin zombies (Ossuary)
  4 kobold skeletons (Ossuary)
  4 kobold zombies (Ossuary)
  3 orc skeletons (Ossuary)
  4 orc zombies (Ossuary)
  A quokka skeleton (D:5)
  A quokka zombie (D:10)
  6 rats
  6 rat skeletons (Ossuary)
  5 rat zombies (Ossuary)
323 creatures vanquished.

Vanquished Creatures (others)
  An unseen horror (D:10)
  A rat skeleton (Ossuary)
  13 plants (D:10)
15 creatures vanquished.

Grand Total: 338 creatures vanquished

Notes
Turn   | Place    | Note
-------+----------+-------------------------------------------
     0 | D:1      | KamiKatze the Merfolk Berserker began the quest for the
                  | Orb.
     0 | D:1      | Reached XP level 1. HP: 18/18 MP: 1/1
   165 | D:1      | Reached XP level 2. HP: 22/24 MP: 2/2
   225 | D:1      | Reached skill level 3 in Dodging
   526 | D:2      | Reached XP level 3. HP: 29/29 MP: 3/3
   630 | D:2      | Reached ** piety under Trog
   824 | D:2      | Reached XP level 4. HP: 37/37 MP: 4/4
  1220 | D:2      | Reached skill level 1 in Throwing
  1222 | D:2      | Reached XP level 5. HP: 24/42 MP: 5/5
  1379 | D:2      | Found a bloodstained altar of Trog.
  1381 | D:2      | Found a sparkling altar of Nemelex Xobeh.
  1477 | D:2      | Found a broken altar of Ashenzari.
  1479 | D:2      | Found a shadowy altar of Dithmenos.
  2069 | D:3      | Found a shadowy altar of Dithmenos.
  2104 | D:3      | Reached skill level 4 in Dodging
  2665 | D:4      | Noticed an ogre
  2673 | D:4      | Killed an ogre
  2674 | D:4      | Reached XP level 6. HP: 48/48 MP: 6/6
  3291 | D:4      | Noticed Purgy
  3344 | D:4      | Killed Purgy
  3494 | D:4      | Reached XP level 7. HP: 55/55 MP: 7/7
  3727 | D:5      | Entered Level 5 of the Dungeon
  3755 | D:5      | Found a hide-covered altar of Uskayaw.
  3765 | D:5      | Reached *** piety under Trog
  3790 | D:5      | Found a sand-covered staircase.
  3796 | Ossuary  | Entered an ossuary
  3807 | Ossuary  | Reached skill level 5 in Dodging
  4375 | Ossuary  | Reached **** piety under Trog
  4538 | Ossuary  | Noticed Menkaure
  4545 | Ossuary  | Killed Menkaure
  4750 | D:5      | Reached skill level 5 in Fighting
  4821 | D:5      | Found a snail-covered altar of Cheibriados.
  4912 | D:5      | Found Hiqaorij's Antique Weapon Boutique.
  4929 | D:5      | Found Zaub's Weapon Shop.
  5048 | D:5      | Found a shimmering altar of Xom.
  5062 | D:5      | Found Bed Xeh's Gadget Shop.
  5189 | D:5      | Found Faedug's Distillery.
  5344 | D:6      | Reached skill level 5 in Axes
  5344 | D:6      | Reached XP level 8. HP: 41/62 MP: 8/8
  5504 | D:6      | Reached skill level 6 in Dodging
  5898 | D:6      | Found a staircase to the Ecumenical Temple.
  5907 | Temple   | Entered the Ecumenical Temple
  5977 | D:6      | Noticed Grinder
  5995 | D:6      | Killed Grinder
  6055 | D:6      | Noticed Edmund
  6065 | D:6      | Killed Edmund
  6170 | D:6      | Reached skill level 7 in Dodging
  6250 | D:6      | Reached XP level 9. HP: 59/69 MP: 9/9
  6769 | D:7      | Found a sacrificial altar of Ru.
  8099 | D:8      | Noticed Pikel
  8138 | D:8      | Killed Pikel
  8139 | D:8      | Reached skill level 8 in Dodging
  8167 | D:8      | Found a bloodstained altar of Trog.
  8224 | D:8      | Found Tahusoub's Antique Armour Boutique.
  8301 | D:8      | Bought a pair of warped boots for 285 gold pieces
  8309 | D:8      | Identified the cursed +0 pair of boots "Cishreicu" {rElec
                  | Str+3} (You bought it in a shop on level 8 of the Dungeon)
  8315 | D:8      | Noticed Maurice
  8343 | D:8      | Killed Maurice
  8344 | D:8      | Reached XP level 10. HP: 37/79 MP: 10/10
  8664 | D:8      | Found a glowing golden altar of the Shining One.
  9425 | D:9      | Reached ***** piety under Trog
  9434 | D:9      | Reached skill level 5 in Armour
  9434 | D:9      | Found a staircase to the Orcish Mines.
  9621 | D:9      | Reached skill level 9 in Dodging
  9799 | D:9      | Found a shimmering blue altar of Sif Muna.
  9804 | D:9      | Found a blossoming altar of Fedhas.
  9814 | D:9      | Noticed a two-headed ogre
  9838 | D:9      | Killed a two-headed ogre
  9839 | D:9      | Reached skill level 1 in Evocations
 10376 | D:10     | Entered Level 10 of the Dungeon
 10376 | D:10     | Noticed an unseen horror
 10459 | D:10     | Noticed Sonja
 10559 | D:5      | Bought a wand of disintegration (9) for 156 gold pieces
 10675 | D:10     | Killed Sonja
 10796 | D:10     | Noticed an oklob plant
 10836 | D:10     | Found a staircase to the Lair.
 10848 | D:10     | Reached XP level 11. HP: 74/87 MP: 11/11
 10854 | D:10     | Killed an oklob plant
 11046 | D:10     | Reached skill level 10 in Dodging
 11359 | D:10     | Noticed Urug
 11378 | D:10     | Killed an unseen horror
 11401 | D:10     | Killed Urug
 11735 | D:10     | Noticed Snorg
 11756 | D:10     | HP: 3/130 [Snorg (9)]
 11756 | D:10     | Slain by Snorg

Illustrated notes

Levels and vault maps discovered:
D:1:      dpeg_arrival_houses_and_road, layout_basic
D:2:      minmay_skewed_foursquare, layout_loops_corners,
          nicolae_overflow_hidden_temple
D:3:      layout_basic, grunt_dithmenos_smoke
D:4:      layout_gridville, uniq_purgy
D:5:      layout_cave_pools, xom_butterflies, enter_ossuary_2, serial_shops,
          shop, nicolae_shop_behind_doors, nicolae_shop_overgrown_old_shop,
          kennysheep_little_box, basic_altar, amcnicky_altar_gilded
D:6:      layout_loops_ring, minmay_temple_entry_wispy, uniq_edmund,
          uniq_grinder
D:7:      layout_basic, nicolae_ru_great_annihilating_truth
D:8:      layout_basic, lemuel_doored_altar, serial_shops, shop, basic_altar,
          minmay_misc_feat_more_columns, minmay_manual_mess, uniq_pikel,
          uniq_maurice
D:9:      layout_roguey, grunt_temple_overflow_open, hiddenorc2_lemuel,
          nicolae_benzene_ring, kennysheep_small_square
D:10:     minmay_the_grid_square_5x5_3x3
          [minmay_the_grid_square_5x5_checkered_sparse,
          minmay_the_grid_square_5x5_six_small,
          minmay_the_grid_square_5x5_bracketed,
          minmay_the_grid_square_5x5_fat_x,
          minmay_the_grid_square_5x5_megaprize_open,
          minmay_the_grid_square_5x5_doubleslash,
          minmay_the_grid_square_5x5_inner_i,
          minmay_the_grid_square_5x5_hollow_slash,
          minmay_the_grid_square_5x5_plus], layout_basic, dpeg_oklobed_lair,
          uniq_snorg, uniq_sonja, uniq_urug
Temple:   cyrus_circular_temple

Skill      XL: |  1  2  3  4  5  6  7  8  9 10 11 |
---------------+----------------------------------+-----
Dodging        | 3 4 5 7 8 9 10 | 10.2
Axes           | 3 4 5 6 7 8 9 |  9.3
Throwing       | 1 2 |  2.0
Armour         | 2 3 4 5 |  5.8
Fighting       | 4 5 6 7 8 |  8.8
Evocations     | 2 3 |  3.0

Action                   |  1- 3 |  4- 6 |  7- 9 | 10-12 || total
-------------------------+-------+-------+-------+-------++-------
Melee: Hand axe          |   123 |   204 |   627 |   420 ||  1374
       War axe           |       |       |       |    45 ||    45
Throw: Dart              |       |    15 |    12 |    14 ||    41
Invok: Berserk           |     1 |     3 |     9 |     8 ||    21
       Trog's Hand       |       |     3 |     6 |     9 ||    18
Evoke: Wand              |       |       |     2 |     3 ||     5
  Use: Scroll            |       |       |    12 |     7 ||    19
       Potion            |       |       |       |     1 ||     1
 Stab: Sleeping          |     1 |       |       |       ||     1
Armor: Ring mail         |    49 |    68 |    44 |       ||   161
       Animal skin       |     1 |       |       |       ||     1
       Chain mail        |       |       |   111 |   269 ||   380
       Scale mail        |       |       |     9 |       ||     9
Dodge: Dodged            |   103 |   138 |   354 |   369 ||   964
